AoeStats
← Gurken Freund Gert Gumpisch

Glade

510344881Analyzed
1v1 RM · 17h ago on Sep 30, 2026· 26m 57s· 2 players
Game mode
Random Map
Map size
Tiny (2 player)
Population
200
Speed
Normal
Resources
Standard
Victory
Conquest
Starting age
Dark Age
Ending age
Imperial Age
RankedLock teamsTeams togetherTeam positionsShared explorationLock speedFull tech treeHidden civsTurbo modeCheats
Victory
Defeat
947
+17
🇦🇷 Persians · Argentina
977
-17
Gurken Freund Gert Gumpisch
10:18 Feudal Age
8:34 Loom
17:10 Castle Age
16:02 Stone Mining
17:48 Scale Mail Armor
17:59 Forging
18:19 Arson
18:57 Double-Bit Axe
20:52 Horse Collar
21:28 Gambesons
21:43 Squires
22:54 Heavy Plow
23:54 Chain Mail Armor
FBottega
12:36 Feudal Age
13:04 Double-Bit Axe
13:01 Horse Collar
14:10 Man-at-Arms
20:50 Castle Age
19:23 Gold Mining
19:32 Fletching
19:43 Padded Archer Armor
19:45 Scale Mail Armor
20:47 Forging
21:38 Leather Archer Armor
21:19 Bodkin Arrow
21:23 Crossbowman
22:52 Bow Saw
25:13 Stone Mining
27:27 Stone Shaft Mining
Connection lost

Rejoining the realm…

Still unreachable

The connection could not be restored.

Session expired

The server has moved on; the page needs a fresh start.